 Dungeon Crawl Stone Soup version 0.20.1-1-g8b1a95d (webtiles) character file.

67 vineage the Covered (level 3, 0/33 HPs)
             Began as a Minotaur Fighter on July 24, 2017.
             Succumbed to an adder's poison
             ... on level 3 of the Dungeon.
             The game lasted 00:03:27 (1141 turns).

vineage the Covered (Minotaur Fighter)              Turns: 1141, Time: 00:03:28

Health: 0/33       AC:  7    Str: 21    XL:     3   Next: 98%
Magic:  2/2        EV:  7    Int:  5    God:
Gold:   144        SH:  9    Dex:  9    Spells: 2/2 levels left

rFire    . . .     SeeInvis .   g - +3 mace
rCold    . . .     Gourm    .   c - +0 shield
rNeg     . . .     Faith    .   b - +0 scale mail
rPois    .         Spirit   .   (helmet restricted)
rElec    .         Reflect  .   (no cloak)
rCorr    .         Harm     .   (no gloves)
MR       .....                  (no boots)
Stlth    ..........             (no amulet)
Regen    0.2/turn               (no ring)
MPRegen  0.1/turn               (no ring)

@: lethally poisoned (0 -> -4)
A: retaliatory headbutt, horns 2
a: no special abilities


You were on level 3 of the Dungeon.
You were hungry.

You visited 1 branch of the dungeon, and saw 3 of its levels.

You collected 144 gold pieces.

Inventory:

Hand Weapons
 a - a +2 war axe
 g - a +3 mace (weapon)
Armour
 b - a +0 scale mail (worn)
 c - a +0 shield (worn)
Jewellery
 j - an uncursed ring of magical power {unknown}
 k - a cursed -3 ring of strength {unknown}
 l - an uncursed amulet of regeneration {unknown}
Scrolls
 e - a scroll of amnesia {unknown}
 i - 2 scrolls of recharging
 p - a scroll of identify {unknown}
 t - a scroll of random uselessness {unknown}
Potions
 d - 2 potions of might
 m - 2 potions of magic {unknown}
 n - a potion of flight {unknown}
 o - 2 potions of curing {unknown}
 q - a potion of haste {unknown}
 r - a potion of brilliance {unknown}
 s - a potion of degeneration {unknown}
Comestibles
 f - a bread ration
 h - 2 royal jellies


   Skills:
 + Level 4.2 Fighting
 + Level 3.3(3.4) Axes
 + Level 1.0(2.3) Maces & Flails
 + Level 4.3 Armour
 + Level 0.2 Dodging
 + Level 4.1 Shields


You had 2 spell levels left.
You didn't know any spells.

Dungeon Overview and Level Annotations

Branches:
Dungeon (3/15)

Altars:
Dithmenos
Gozag
Uskayaw


Innate Abilities, Weirdness & Mutations

You reflexively headbutt those who attack you in melee.
You have a pair of horns on your head.


Message History

The orc priest looks braver for a moment.
The orc hits you but does no damage. x2
The orc priest invokes the aid of Beogh against you.
Beogh smites you!
* * * LOW HITPOINT WARNING * * *
You are too injured to fight recklessly!
You are too injured to fight recklessly!
The kobold throws a stone.
The stone hits you but does no damage. The orc priest hits you with a flail.
* * * LOW HITPOINT WARNING * * *
You see here a stone.
* * * LOW HITPOINT WARNING * * *
You feel sick.
An orc comes into view. It is wielding a falchion.
The orc shouts!
The orc throws a tomahawk of returning.
The tomahawk of returning barely misses you.
The weapon returns to the orc!
You see here 2 fruits.
You die...

.......)......o##
##...............
...#............
#...K$o.......## .!
...>.....g..#..##.#
.....#.oo.........##
......oo.?.........
.....%.%.........##
.......@....###...#.+
............##.....##
.=.#...#.##....##...#
#..#.###.#####.###..#
..... #.# #...##.####
#..# #.# #.#........
#.. .. #.###...... #.
#$ #.##.......
#.#..#...#.


You could see 2 orc priests, 3 orcs, a hobgoblin and a kobold.

Vanquished Creatures
  2 adders
  An ooze (D:1)
  A worm (D:2)
  2 dart slugs (D:1)
  4 orcs (D:3)
  2 bats
  2 giant cockroaches (D:1)
  2 goblins
  3 hobgoblins
  8 kobolds
  A quokka (D:2)
  7 rats
35 creatures vanquished.

Notes
Turn   | Place    | Note
-------+----------+-------------------------------------------
     0 | D:1      | vineage the Minotaur Fighter began the quest for the Orb.
     0 | D:1      | Reached XP level 1. HP: 19/19 MP: 0/0
   109 | D:1      | Reached XP level 2. HP: 27/27 MP: 1/1
   679 | D:2      | Found a hide-covered altar of Uskayaw.
   679 | D:2      | Noticed a dagger
   680 | D:2      | Noticed a hand axe
   734 | D:2      | Found an opulent altar of Gozag.
   802 | D:2      | Reached XP level 3. HP: 33/33 MP: 2/2
   906 | D:2      | Found a shadowy altar of Dithmenos.
  1132 | D:3      | Reached skill level 1 in Maces & Flails
  1139 | D:3      | HP: 1/33 [poisoned by an adder]
  1141 | D:3      | Succumbed to an adder's poison

Skill      XL: |  1  2  3 |
---------------+----------+-----
Armour         | 4 |  4.3
Axes           | 3 |  3.3
Fighting       | 4 |  4.2
Shields        | 4 |  4.1
Maces & Flails | 1 |  1.0
Dodging        | |  0.2

Action                   || total
-------------------------++-------
Melee: War axe           ||    38
       Headbutt          ||     5
       Mace              ||    36
  Use: Scroll            ||     4
Armor: Scale mail        ||    32
Dodge: Dodged            ||    27
Block: Shield            ||    33
